 Dungeon Crawl Stone Soup version 0.28-a0-1524-ge72afd5fc6 (webtiles) character file.

Game seed: 14520370038690816432

13885 sbbq2022 the Magician (level 11, -13/79 HPs)
             Began as a Mummy Earth Elementalist on Jan 18, 2022.
             Was a Follower of Uskayaw.
             Hit by a large rock thrown by a cyclops (28 damage)
             ... on level 12 of the Dungeon.
             The game lasted 00:32:12 (17990 turns).

sbbq2022 the Magician (Mummy Earth Elementalist)   Turns: 17990, Time: 00:32:12

Health: -13/79     AC: 18    Str: 11    XL:     11   Next: 81%
Magic:  10/22      EV: 12    Int: 22    God:    Uskayaw [*.....]
Gold:   600        SH:  5    Dex:  8    Spells: 17/25 levels left

rFire   . . .      SeeInvis .   p - +1 short sword (venom)
rCold   + . .      Faith    .   (no shield)
rNeg    + + +      Spirit   .   C - +3 troll leather armour
rPois   ∞          Reflect  +   k - +1 hat
rElec   +          Harm     .   q - +1 cloak of the Big Bang {rPois rF+ Regen+ Dex-5}
rCorr   .          Rampage  .   l - +1 pair of gloves of Qenudum {rElec Will+ Regen+ Int-3}
Will    ++...                   n - +0 pair of boots
Stlth   ++........              a - amulet of reflection
HPRegen 2.63/turn               h - +6 ring of intelligence
MPRegen 0.18/turn               b - +4 ring of protection

@: no status effects
A: cold resistance 1, negative energy resistance 3, torment resistance 2, heat
vulnerability 1, no potions
a: Renounce Religion, Stomp


You were on level 12 of the Dungeon.
You worshipped Uskayaw.
Uskayaw was noncommittal.
You visited 2 branches of the dungeon, and saw 13 of its levels.
You visited 1 bazaar.

You collected 908 gold pieces.
You spent 308 gold pieces at shops.

Inventory:

Hand Weapons
 p - a +1 short sword of venom (weapon)
Missiles
 c - 272 stones
Armour
 k - a +1 hat (worn)
 l - the +1 pair of gloves of Qenudum (worn) {rElec Will+ Regen+ Int-3}
   (You bought it in a shop in a bazaar)

   Int:       It affects your intelligence (-3).
   rElec:     It insulates you from electricity.
   Regen:     It increases your rate of health regeneration.
   Will:      It increases your willpower.
 n - a +0 pair of boots (worn)
 q - the +1 cloak of the Big Bang (worn) {rPois rF+ Regen+ Dex-5}
   (You bought it in a shop in a bazaar)

   Dex:       It affects your dexterity (-5).
   rF:        It protects you from fire.
   rPois:     It protects you from poison.
   Regen:     It increases your rate of health regeneration.
 C - a +3 troll leather armour (worn)
Magical Staves
 u - a staff of cold
Jewellery
 a - an amulet of reflection (around neck)
 b - a +4 ring of protection (right hand)
 h - a +6 ring of intelligence (left hand)
 t - a +6 ring of intelligence
Wands
 o - a wand of mindburst (13)
 v - a wand of digging (1)
 w - a wand of paralysis (10)
 y - a wand of acid (3)
Scrolls
 d - 4 scrolls of teleportation
 e - a scroll of identify
 f - a scroll of blinking
 g - 3 scrolls of fear
 i - 3 scrolls of magic mapping
 j - a scroll of torment
 m - a scroll of amnesia


   Skills:
 + Level 5.1 Fighting
 * Level 6.1 Short Blades
 + Level 4.2 Armour
 + Level 4.6 Dodging
 + Level 5.0 Stealth
 + Level 7.9 Spellcasting
 * Level 7.2 Transmutations
 * Level 7.6 Earth Magic
 + Level 3.6 Invocations


You had 17 spell levels left.
You knew the following spells:

 Your Spells              Type           Power      Damage    Failure   Level
a - Sandblast             Erth           84%        2d18      1%          1
b - Stone Arrow           Conj/Erth      50%        3d10      6%          3
c - Petrify               Tmut/Erth      41%        N/A       4%          4

Your spell library contained the following spells:

 Spells                   Type           Power      Damage    Failure   Level
 Passwall                 Tmut/Erth      34%        N/A       1%          2
 Animate Skeleton         Necr           16%        N/A       10%         1
 Apportation              Tloc           16%        N/A       10%         1
 Foxfire                  Conj/Fire      32%        2x1d5     10%         1
 Summon Small Mammal      Summ           32%        N/A       10%         1
 Conjure Flame            Conj/Fire      8%         6-21      28%         3
 Inner Flame              Hex/Fire       8%         N/A       28%         3
 Flame Wave               Conj/Fire      8%         2d4       67%         4
 Freezing Cloud           Conj/Ice/Air   4%         6-21      95%         5
 Simulacrum               Ice/Necr       4%         N/A       100%        6
 Polar Vortex             Ice            4%         N/A       100%        9


Dungeon Overview and Level Annotations

Branches:
Dungeon (12/15)            Temple (1/1) D:7            Lair (0/6) D:11
    Orc (0/2) D:9

Altars:
Ashenzari
Cheibriados
Dithmenos
Elyvilon
Fedhas
Gozag
Hepliaklqana
Kikubaaqudgha
Makhleb
Nemelex Xobeh
Okawaru
Qazlal
Ru
Sif Muna
Trog
Uskayaw
Vehumet
Wu Jian
Xom
Yredelemnul
Zin
The Shining One

Shops:
D:7 !   D:9 *

Portals:
Trove: D:11 (give +4 ice dragon scales)


Innate Abilities, Weirdness & Mutations

You are immune to poison.
Your flesh is cold resistant. (rC+)
You are immune to negative energy. (rN+++)
You are immune to unholy pain and torment.
You are vulnerable to heat. (rF-)
You do not drink.


Message History

You can now pass through a line of other dancers.
The helpless boulder beetle fails to defend itself.
You hit the boulder beetle.
The boulder beetle looks as sick as possible!
The boulder beetle is severely wounded.
The boulder beetle is no longer petrified.
You block the boulder beetle's attack.
You hit the boulder beetle but do no damage.
The boulder beetle is almost dead.
The boulder beetle leaps!
You kill the boulder beetle!
No target in view!
Magic restored.
A cyclops is nearby!
Casting: Petrify (dangerous; 4% risk of failure)
Confirm with . or Enter, or press ? or * to list all spells.
Aiming: Petrify (dangerous; 4% risk of failure)
Press: ? - help, Shift-Dir - straight line, f - cyclops
Aim: a cyclops, quivering large rocks (chance to affect: 50%)
The cyclops resists with some effort.
Unknown command.
Casting: Petrify (dangerous; 4% risk of failure)
Confirm with . or Enter, or press ? or * to list all spells.
Aiming: Petrify (dangerous; 4% risk of failure)
Press: ? - help, Shift-Dir - straight line, f/p - cyclops
Aim: a cyclops, quivering large rocks (chance to affect: 50%)
The cyclops resists with some effort.
The cyclops throws a large rock.
The large rock hits you!!!
Unknown command.
Casting: Petrify (dangerous; 4% risk of failure)
Confirm with . or Enter, or press ? or * to list all spells.
Aiming: Petrify (dangerous; 4% risk of failure)
Press: ? - help, Shift-Dir - straight line, f/p - cyclops
Aim: a cyclops, quivering large rocks (chance to affect: 50%)
The cyclops is moving more slowly.
The cyclops throws a large rock.
The large rock hits you!!
* * * LOW HITPOINT WARNING * * *
Unknown command.
The cyclops throws a large rock.
The large rock hits you!!
You die...

#.....#
#.....########.
#..............
#..C...........
#..........(...
###..........(...
#................
#...##'##........
#...#...#@.......
+...#...#..#####.
#...#...#..#
#...#...#.†#
#...#...#..#
+...#...#..#
#...#'###..#####.
#+##................
#...................


You could see a cyclops (petrifying).

Vanquished Creatures
  2 boulder beetles
  A vault guard (D:11)
  2 two-headed ogres
  Pikel (D:7)
  A deep elf pyromancer (D:11)
  An ugly thing (D:10)
  Maurice (D:9)
  Joseph (D:9)
  A kobold demonologist (D:11)
  3 trolls
  Prince Ribbit (D:6)
  A shadow (D:9)
  A wyvern (D:8)
  A wraith (D:11)
  10 yaks
  A basilisk (D:11)
  A steam dragon (D:8)
  10 vampire mosquitoes
  An acid dragon (D:8)
  2 water moccasins
  A swamp drake (D:10)
  A sky beast (D:6)
  A hornet zombie (D:6)
  2 orc warriors
  5 black bears
  An ice beast (D:6)
  An ogre (D:6)
  3 centaurs
  4 lemures (D:6)
  A phantom (D:3)
  2 bullfrogs (D:11)
  A gnoll sergeant (D:11)
  6 scorpions
  A water moccasin zombie (D:7)
  A water moccasin skeleton (D:5)
  9 killer bees
  4 howler monkeys
  7 centaur zombies
  5 crimson imps
  Crazy Yiuf (D:7)
  2 jellies
  5 orc priests
  5 hounds
  A centaur skeleton (D:5)
  2 iguanas
  6 orc wizards
  A hound skeleton (D:5)
  2 howler monkey skeletons
  16 gnolls
  7 adders
  A shadow imp (D:6)
  2 white imps (D:6)
  3 ufetubi
  An adder skeleton (D:4)
  2 worms (D:2)
  7 dart slugs
  16 orcs
  9 endoplasms
  5 giant cockroaches
  3 goblins
  7 hobgoblins
  A quokka (D:4)
  10 ball pythons
  6 bats
  3 frilled lizards
  10 kobolds
  3 rats (D:3)
  A spectral hobgoblin (D:1)
237 creatures vanquished.

Vanquished Creatures (others)
  An orc (D:8)
  7 fungi
  6 plants
14 creatures vanquished.

Grand Total: 251 creatures vanquished

Notes
Turn   | Place    | Note
-------+----------+-------------------------------------------
     0 | D:1      | sbbq2022 the Mummy Earth Elementalist began the quest for
                  | the Orb.
     0 | D:1      | Reached XP level 1. HP: 13/13 MP: 4/4
   133 | D:1      | Reached skill level 1 in Transmutations
   135 | D:1      | You fall into a shaft and drop 1 floor!
   275 | D:2      | Reached XP level 2. HP: 19/19 MP: 1/5
   510 | D:2      | Found a burning altar of Makhleb.
  1075 | D:1      | Found a faded altar of an unknown god.
  1362 | D:1      | Reached XP level 3. HP: 18/24 MP: 5/7
  2746 | D:3      | Learned a level 3 spell: Stone Arrow
  2859 | D:3      | Found an iron altar of Okawaru.
  2962 | D:3      | Reached XP level 4. HP: 30/30 MP: 9/9
  3230 | D:3      | Identified the +0 whip "Komoph" {drain, Str+4}
  3345 | D:3      | Found a radiant altar of Vehumet.
  3346 | D:3      | Found a burning altar of Makhleb.
  3676 | D:4      | Noticed a phantom
  3716 | D:3      | Killed a phantom
  3717 | D:3      | Reached XP level 5. HP: 16/35 MP: 0/10
  4523 | D:4      | Found a bloodstained altar of Trog.
  5125 | D:4      | Reached XP level 6. HP: 27/41 MP: 10/12
  5956 | D:5      | Entered Level 5 of the Dungeon
  6037 | D:5      | Learned a level 4 spell: Petrify
  6108 | D:5      | Reached XP level 7. HP: 20/47 MP: 10/13
  6397 | D:5      | HP: 2/47 [water moccasin (8)]
  6740 | D:4      | Reached skill level 1 in Fighting
  6740 | D:4      | Reached skill level 1 in Armour
  6910 | D:5      | Reached skill level 1 in Short Blades
  7706 | D:5      | Found a shimmering blue altar of Sif Muna.
  8496 | D:6      | Reached skill level 5 in Spellcasting
  8714 | D:6      | Reached XP level 8. HP: 31/56 MP: 15/15
  8986 | D:6      | Reached skill level 5 in Earth Magic
  9498 | D:6      | Found a hazy altar of Hepliaklqana.
  9499 | D:6      | Found a sparkling altar of Nemelex Xobeh.
  9947 | D:6      | Found an opulent altar of Gozag.
 10178 | D:7      | Noticed Pikel
 10428 | D:7      | Paralysed by Pikel for 7 turns
 10448 | D:7      | Killed Pikel
 10449 | D:7      | Reached XP level 9. HP: 52/62 MP: 14/17
 10624 | D:7      | Reached skill level 5 in Transmutations
 10746 | D:7      | Found a staircase to the Ecumenical Temple.
 10754 | D:7      | Noticed Prince Ribbit
 11144 | D:6      | Killed Prince Ribbit
 11358 | D:7      | Found a runed translucent door.
 11359 | D:7      | Noticed Crazy Yiuf
 11407 | D:7      | Found a basalt altar of Yredelemnul.
 11514 | Temple   | Entered the Ecumenical Temple
 11555 | Temple   | Became a worshipper of Uskayaw the Reveller
 11695 | D:7      | Found Tuips's Distillery.
 11704 | D:7      | Reached * piety under Uskayaw
 11737 | D:7      | Reached ** piety under Uskayaw
 11962 | D:7      | Killed Crazy Yiuf
 12218 | D:7      | Reached *** piety under Uskayaw
 12388 | D:8      | Reached skill level 1 in Invocations
 12704 | D:8      | Noticed a two-headed ogre
 12746 | D:8      | Killed a two-headed ogre
 12747 | D:8      | Reached XP level 10. HP: 71/71 MP: 16/19
 13104 | D:8      | Reached **** piety under Uskayaw
 13589 | D:9      | Found Elawk's General Store.
 13655 | D:9      | Noticed Maurice
 13671 | D:9      | Killed Maurice
 13950 | D:9      | Noticed Joseph
 13963 | D:9      | Killed Joseph
 13964 | D:9      | Found a staircase to the Orcish Mines.
 14536 | D:9      | Reached skill level 5 in Short Blades
 14942 | D:10     | Entered Level 10 of the Dungeon
 15836 | D:10     | Found a broken altar of Ashenzari.
 15941 | D:10     | Found a shimmering altar of Xom.
 15994 | D:10     | Noticed a two-headed ogre
 16006 | D:10     | Killed a two-headed ogre
 16007 | D:10     | Reached XP level 11. HP: 78/78 MP: 18/21
 16041 | D:10     | Noticed a white ugly thing
 16058 | D:10     | Killed a white ugly thing
 16761 | D:11     | Noticed a boulder beetle
 16935 | D:11     | Killed a boulder beetle
 17178 | D:11     | Noticed a vault guard
 17195 | D:11     | Killed a vault guard
 17196 | D:11     | Reached skill level 5 in Fighting
 17205 | D:11     | Found a portal to a secret trove of treasure.
 17334 | D:11     | Found a gateway to a bazaar.
 17509 | D:11     | Noticed a deep elf pyromancer
 17556 | Bazaar   | Entered a bazaar
 17556 | Bazaar   | Found Segopro's Assorted Antiques.
 17556 | Bazaar   | Found Useask's Magic Scroll Shoppe.
 17556 | Bazaar   | Found Pupteeh's Antique Armour Emporium.
 17558 | Bazaar   | Found Segg's Magic Scroll Emporium.
 17569 | Bazaar   | Bought a pair of twisted gloves for 142 gold pieces
 17569 | Bazaar   | Identified the +1 pair of gloves of Qenudum {rElec Will+
                  | Regen+ Int-3} (You bought it in a shop in a bazaar)
 17569 | Bazaar   | Bought a crude cloak for 142 gold pieces
 17569 | Bazaar   | Identified the +1 cloak of the Big Bang {rPois rF+ Regen+
                  | Dex-5} (You bought it in a shop in a bazaar)
 17588 | Bazaar   | Bought a scroll labelled RACWONT DEAN for 24 gold pieces
 17640 | D:11     | Found a staircase to the Lair.
 17648 | D:11     | Noticed a sun demon
 17792 | D:11     | Killed a deep elf pyromancer
 17793 | D:11     | Reached skill level 5 in Stealth
 17899 | D:12     | Noticed a boulder beetle
 17951 | D:12     | Killed a boulder beetle
 17990 | D:12     | Hit by a large rock thrown by a cyclops

Illustrated notes

Levels and vault maps discovered:
D:1:      tarquinn_simple_flora_water_e, layout_loops_ring,
          dreamdust_ecumenical_altar_drowned_temple,
          chequers_serial_rivers_large_b, minmay_misc_feat_tiny
D:2:      layout_loops_ring, basic_altar, hangedman_abyss_or_decor_stabs
D:3:      layout_basic, grunt_temple_overflow_lords_of_destruction,
          mainiacjoe_overflow_surrounded_room, minivault_23, patterned_corridor
D:4:      minmay_polygon_palace, layout_loops_ring, lemuel_round_altar,
          grunt_decor_cap, minmay_stone_trees_small
D:5:      layout_loops_ring, mainiacjoe_overflow_alcove_4, minivault_26
D:6:      layout_gridville, pdpol_temple_overflow_zin_treasury_gozag_greed,
          nicolae_overflow_squiral, serial_rivers,
          chequers_serial_rivers_micro_a, chequers_serial_rivers_micro_b,
          chequers_serial_rivers_micro_d, chequers_serial_rivers_micro_a,
          chequers_serial_rivers_room_a, chequers_serial_rivers_small_3,
          st_stairs_14, hangedman_decor_riveting, chequers_serial_rivers_marsh
D:7:      layout_cave_pools, mainiacjoe_overflow_brackets,
          minmay_temple_entry_statues_pillars, serial_shops, shop,
          hangedman_abyss_or_decor_lesser_grid, uniq_pikel,
          uniq_crazy_yiuf_cottage, uniq_prince_ribbit1
D:8:      layout_rooms
D:9:      layout_stronghold, nicolae_tso_swordbearing_angel, orc_0_dummy,
          serial_shops, shop, uniq_maurice, uniq_joseph
D:10:     layout_cave_pools, led_xom_imps, nicolae_ashenzari_panopticon, pond
D:11:     layout_loops_cross, grunt_lair_entry_orc_guard_hut, enter_trove_5,
          serial_shops, bzr_entry_gold
D:12:     layout_irregular_city
Temple:   jpeg_temple_island

Skill      XL: |  1  2  3  4  5  6  7  8  9 10 11 |
---------------+----------------------------------+-----
Transmutations | 1 2 3 4 5 6 7 |  7.2
Spellcasting   | 3 4 5 6 7 |  7.9
Earth Magic    | 3 4 5 6 7 |  7.6
Fighting       | 1 2 3 4 5 |  5.1
Armour         | 1 2 3 4 |  4.2
Short Blades   | 1 3 4 5 6 |  6.1
Dodging        | 2 3 4 |  4.6
Stealth        | 2 3 4 5 |  5.0
Invocations    | 1 2 3 |  3.6

Action                   |  1- 3 |  4- 6 |  7- 9 | 10-12 || total
-------------------------+-------+-------+-------+-------++-------
Melee: Club              |    28 |       |       |       ||    28
       Unarmed           |    22 |       |       |       ||    22
       Mace              |    43 |    10 |       |       ||    53
       Punch             |     1 |     3 |    13 |     7 ||    24
       Whip              |       |   138 |       |       ||   138
       Short sword       |       |    10 |   458 |   508 ||   976
 Cast: Sandblast         |    41 |    44 |    13 |    13 ||   111
       Petrify           |       |       |    74 |    79 ||   153
       Stone Arrow       |       |       |       |     3 ||     3
Evoke: Wand              |       |     1 |       |       ||     1
  Use: Scroll            |       |       |       |    16 ||    16
 Stab: Sleeping          |     2 |     3 |     1 |     1 ||     7
       Petrified         |       |       |   192 |   113 ||   305
       Petrifying        |       |       |    11 |    20 ||    31
       Paralysed         |       |       |     3 |    15 ||    18
Armor: Robe              |    13 |    18 |    71 |     5 ||   107
       Steam dragon scal |       |       |       |    78 ||    78
       Troll leather arm |       |       |       |    62 ||    62
Dodge: Dodged            |    73 |   101 |   218 |   241 ||   633
Block: Other             |    28 |    44 |    84 |    93 ||   249
       Reflection        |     1 |       |     3 |     2 ||     6

Table legend: (Time is in decaauts)
 A = Elapsed time spent in this place.
 B = Non-inter-level travel time spent in this place.
 C = Inter-level travel time spent in this place.
 D = Time resting spent in this place.
 E = Time spent auto-exploring this place.
 F = Levels seen in this place.
 G = Mean time per level.
                   A        B        C        D        E       F      G
               +--------+--------+--------+--------+--------+-----+--------+
         Total |  18038 |  17360 |    678 |   3745 |  10141 |  14 | 1288.4 |
       Dungeon |  17922 |  17277 |    645 |   3745 |  10102 |  12 | 1493.5 |
        Temple |     75 |     42 |     33 |      0 |     30 |   1 |   75.0 |
        Bazaar |     39 |     39 |      0 |      0 |      9 |   1 |   39.0 |
               +--------+--------+--------+--------+--------+-----+--------+

Top non-repeatable levels by time:
     D:4: 2528 daAuts
     D:6: 2488 daAuts
     D:9: 2205 daAuts
     D:3: 1709 daAuts
     D:5: 1591 daAuts
    D:11: 1463 daAuts
     D:2: 1454 daAuts
     D:7: 1332 daAuts
     D:1: 1210 daAuts
     D:8: 1052 daAuts
    D:10: 771 daAuts
    D:12: 113 daAuts
  Temple: 75 daAuts
  Bazaar: 39 daAuts
